 Dungeon Crawl Stone Soup version 0.30-a0-1103-g25895a7845 (webtiles) character file.

Game seed: 2302266319014815359

14403 gelatine the Arsonist (level 11, -2/81 HPs)
             Began as a Demonspawn Fire Elementalist on Apr 19, 2023.
             Was an Elder of Vehumet.
             Killed by vampiric draining
             ... invoked by cdice's ghost
              (17 damage)
             ... on level 9 of the Dungeon.
             The game lasted 00:47:24 (12745 turns).

gelatine the Arsonist (DsFE)                       Turns: 12745, Time: 00:47:25

Health: -2/81      AC: 13    Str:  9    XL:     11   Next: 88%
Magic:  1/23       EV: 19    Int: 20    God:    Vehumet [****..]
Gold:   645        SH:  5    Dex: 14    Spells: 5/26 levels left

rFire   . . .      SeeInvis .    k - +6 short sword of the Heavens {heavy, rC+}
rCold   + . .      Faith    .    (no shield)
rNeg    . . .      Spirit   .    Q - +0 troll leather armour
rPois   .          Reflect  +    J - +1 hat {Stlth+}
rElec   .          Rampage  .    p - +0 cloak
rCorr   .                        (no gloves)
Will    .....                    H - +0 pair of boots
Stlth   +++                      l - amulet of reflection
HPRegen 1.13/turn                i - +5 ring of evasion
MPRegen 0.18/turn                C - +4 ring of protection

@: mighty
A: claws 2, powered by pain 1, spiny 1, sharp scales 2
a: Renounce Religion


You were on level 9 of the Dungeon.
You worshipped Vehumet.
Vehumet was greatly pleased with you.
You visited 2 branches of the dungeon, and saw 13 of its levels.
You also visited: Sewer.

You collected 885 gold pieces.
You spent 240 gold pieces at shops.

Inventory:

Hand Weapons
 k - the +6 short sword of the Heavens (weapon) {heavy, rC+}
   (You found it on level 2 of the Dungeon)

   rC:        It protects you from cold.
Missiles
 R - 4 throwing nets
Armour
 p - a +0 cloak (worn)
 E - a +0 leather armour of cold resistance
 H - a +0 pair of boots (worn)
 J - a +1 hat of stealth (worn)
 Q - a +0 troll leather armour (worn)
 S - +0 acid dragon scales
Jewellery
 i - a +5 ring of evasion (left claw)
 l - an amulet of reflection (around neck)
 z - a +6 ring of dexterity
 C - a +4 ring of protection (right claw)
 I - a ring of wizardry
 M - a ring of poison resistance
Wands
 w - a wand of polymorph (5)
 A - a wand of flame (12)
 F - a wand of light (11)
 G - a wand of digging (7)
 P - a wand of roots (3)
 T - a wand of paralysis (11)
Scrolls
 c - 3 scrolls of poison {unknown}
 j - 3 scrolls of fog {unknown}
 m - 2 scrolls of amnesia
 o - a scroll of enchant weapon
 r - 2 scrolls of blinking
 u - 3 scrolls of torment {unknown}
 x - a scroll of enchant armour {unknown}
 y - 2 scrolls of brand weapon {unknown}
 B - 3 scrolls of immolation {unknown}
 D - 6 scrolls of teleportation {unknown}
 K - 2 scrolls of noise {unknown}
 L - 2 scrolls of fear {unknown}
 O - 2 scrolls of identify
Potions
 a - 3 potions of flight
 b - 4 potions of magic
 d - 3 potions of brilliance {unknown}
 e - 4 potions of haste
 f - 3 potions of invisibility {unknown}
 g - a potion of might
 h - 7 potions of curing
 n - 5 potions of heal wounds {unknown}
 q - a potion of attraction
 s - 6 potions of mutation
 t - a potion of berserk rage
 v - 3 potions of resistance
 N - 3 potions of ambrosia {unknown}


   Skills:
 * Level 6.1 Fighting
 * Level 5.4 Short Blades
 + Level 2.5 Armour
 * Level 6.0 Dodging
 * Level 3.7 Stealth
 * Level 2.8 Shields
 + Level 8.2 Spellcasting
 * Level 6.0 Conjurations
 * Level 2.1 Transmutations
 * Level 9.0 Fire Magic
 * Level 3.5 Poison Magic
 * Level 3.1 Evocations


You had 5 spell levels left.
You knew the following spells:

 Your Spells              Type           Power      Damage    Failure   Level
a - Foxfire               Conj/Fire      100%       2x1d9     1%          1
b - Scorch                Fire           88%        2d9       1%          2
c - Flame Wave            Conj/Fire      38%        2d10      1%          4
d - Ignite Poison         Fire/Tmut/Pois 27%        N/A       1%          3
e - Poisonous Vapours     Pois/Air       30%        N/A       2%          2
f - Olgreb's Toxic Radia  Pois           22%        N/A       7%          4
g - Arcjolt               Conj/Air       10%        1d20      24%         5

Your spell library contained the following spells:

 Spells                   Type           Power      Damage    Failure   Level
 Inner Flame              Hex/Fire       26%        N/A       1%          3
 Volatile Blastmotes      Fire/Tloc      52%        2d14      1%          3
 Sting                    Tmut/Pois      76%        1d6       3%          1
 Wereblood                Tmut           16%        N/A       7%          2
 Fulminant Prism          Conj/Hex       10%        3d8       9%          4
 Iskenderun's Mystic Bla  Conj/Tloc      20%        2d6       9%          4
 Frozen Ramparts          Ice            16%        1d3       10%         3
 Apportation              Tloc           16%        N/A       12%         1
 Summon Small Mammal      Summ           32%        N/A       12%         1
 Sublimation of Blood     Necr           8%         N/A       17%         2
 Freezing Cloud           Conj/Ice/Air   8%         6-21      32%         5
 Call Canine Familiar     Summ           8%         N/A       34%         3
 Summon Guardian Golem    Hex/Summ       8%         N/A       34%         3
 Vhi's Electric Charge    Tloc/Air       16%        N/A       34%         3
 Ice Form                 Ice/Tmut       12%        N/A       58%         4
 Lee's Rapid Deconstruct  Erth           4%         3d5*      58%         5
 Alistair's Intoxication  Tmut/Pois      12%        N/A       67%         5
 Leda's Liquefaction      Hex/Erth       4%         N/A       75%         4
 Summon Ice Beast         Ice/Summ       8%         N/A       75%         4
 Summon Hydra             Summ           4%         N/A       100%        7


Dungeon Overview and Level Annotations

Branches:
Dungeon (12/15)            Temple (1/1) D:5            Lair (0/5) D:11
    Orc (0/2) D:11          Sewer (visited)

Altars:
Ashenzari
Cheibriados
Dithmenos
Fedhas
Gozag
Hepliaklqana
Kikubaaqudgha
Makhleb
Nemelex Xobeh
Okawaru
Qazlal
Ru
Sif Muna
Trog
Uskayaw
Vehumet
Wu Jian
Xom
Yredelemnul

Shops:
D:3 :

Annotations:
D:9 cdice's ghost, journeyman OgRe


Innate Abilities, Weirdness & Mutations

You have very sharp fingernails.
You sometimes gain a little power by taking damage.
You are partially covered in sharp spines.
You are mostly covered in razor-sharp scales. (AC +2, Slay +2)


Message History

Press: ? - help, Dir - look around, f - activate A wave of flame ripples out!
The flame wave engulfs cdice's ghost.
Cdice's ghost resists.
Cdice's ghost is heavily damaged. (Press . to intensify the flame waves.) Cdice's ghost completely misses you.
A wave of flame ripples out!
The flame wave engulfs cdice's ghost.
Cdice's ghost resists.
Cdice's ghost is heavily damaged.
You block cdice's ghost's attack.
A wave of flame ripples out!
The flame wave engulfs cdice's ghost.
Cdice's ghost resists.
Cdice's ghost is heavily damaged.
Cdice's ghost hits you but does no damage.
A wave of flame ripples out!
The flame wave engulfs cdice's ghost but does no damage.
Cdice's ghost is heavily damaged.
You finish channelling waves of flame.
Cdice's ghost is struck by your spines. Cdice's ghost misses you.
Casting: Flame Wave (dangerous; 1% risk of failure)
Confirm with . or Enter, or press ? or * to list all spells.
You don't have enough magic to cast this spell.
Casting: Flame Wave (dangerous; 1% risk of failure)
Confirm with . or Enter, or press ? or * to list all spells.
You don't have enough magic to cast this spell.
You hit cdice's ghost.
Cdice's ghost is severely damaged.
Cdice's ghost casts a spell at you. The stone arrow misses you.
Your magical contamination has completely faded away.
You puncture cdice's ghost!
Cdice's ghost is severely damaged.
Cdice's ghost casts a spell at you. The stone arrow hits you!!
* * * LOW HITPOINT WARNING * * *
You focus on the pain.
You feel very mighty all of a sudden.
You feel better.
Cdice's ghost draws life force from you!
You die...

..............# #.#
#####..######.# #.#
#####.......#.########.#
.....#...#######...##..#
≈≈≈≈.#...#.#.#.###.##.##
≈≈..≈#...#.....#....>.#
..≈.≈#...##[...'...####
_.≈.≈#..^#.?..$'...#
.§§.≈#...##(...W@..#
≈§§.≈###.#.....#...#
≈§§§.# #.#.#.#.###.#
.....###.####### #.#
#####.....##.#####.#
......##...........#
####.........#######
#.#####.### #.# #.#


You could see cdice's ghost.

Vanquished Creatures
  Gastronok (D:8)
  Harold (D:11)
  2 two-headed ogres (D:10)
  The ghost of kougar the Cleaver, a novice MiFi of Ashenzari (D:7)
  2 spectral centaurs (D:9)
  A centaur zombie (D:9)
  A gargoyle (D:11)
  A kobold demonologist (D:11)
  2 komodo dragons (D:11)
  4 trolls
  12 yaks
  A shadow (D:6)
  A wraith (D:11)
  A vampire (D:11)
  A wyvern (D:11)
  2 vampire mosquitoes (D:12)
  A steam dragon (D:11)
  2 basilisks (D:11)
  An acid dragon (D:11)
  8 orc warriors
  2 sky beasts (D:8)
  Pargi (Sewer)
  2 black bears (D:5)
  An ogre (D:4)
  8 centaurs
  The ghost of orbeus the Stinger, an amateur OpVM (D:3)
  4 bullfrogs
  4 kobold brigands
  2 scorpions (D:5)
  12 wights
  5 killer bees (D:10)
  2 howler monkeys
  5 jellies
  2 spectral boggarts (D:9)
  2 gnoll boudas
  10 orc priests
  4 hounds
  4 iguanas
  Natasha (D:3)
  11 orc wizards
  8 gnolls
  7 adders
  2 white imps
  64 orcs
  9 ball pythons
  6 bats
  6 endoplasms
  4 giant cockroaches
  5 goblins
  8 hobgoblins
  24 kobolds
  12 frilled lizards
  6 rats
290 creatures vanquished.

Vanquished Creatures (others)
  670 foxfires
670 creatures vanquished.

Grand Total: 960 creatures vanquished

Notes
Turn   | Place    | Note
-------+----------+-------------------------------------------
     0 | D:1      | gelatine the Demonspawn Fire Elementalist began the quest
                  | for the Orb.
     0 | D:1      | Reached XP level 1. HP: 13/13 MP: 3/3
    68 | D:1      | Gained mutation: You sometimes gain a little power by
                  | taking damage. [demonic ancestry]
    68 | D:1      | Reached XP level 2. HP: 18/19 MP: 0/5
   304 | D:1      | Reached skill level 3 in Fire Magic
   905 | D:2      | Reached XP level 3. HP: 22/25 MP: 3/6
  1461 | D:2      | Identified the +6 short sword of the Heavens {heavy, rC+}
  1523 | D:3      | Learned a level 2 spell: Scorch
  1580 | D:3      | Reached XP level 4. HP: 14/31 MP: 1/7
  1987 | D:3      | Found a runed translucent gate.
  1987 | D:3      | Found a runed translucent gate.
  1988 | D:3      | Found a runed translucent gate.
  1988 | D:3      | Noticed a kobold brigand
  1989 | D:3      | Noticed orbeus's ghost (amateur OpVM)
  2124 | D:3      | Found Cyobefiv's Book Shoppe.
  2313 | D:3      | Noticed Natasha
  2320 | D:3      | Killed Natasha
  3014 | D:4      | Noticed an ogre
  3020 | D:4      | Killed an ogre
  3021 | D:4      | Reached skill level 1 in Fighting
  3021 | D:4      | Reached XP level 5. HP: 37/37 MP: 3/9
  3191 | D:4      | Reached skill level 1 in Short Blades
  3294 | D:4      | Gained mutation: You are partially covered in razor-sharp
                  | scales. (AC +1, Slay +1) [demonic ancestry]
  3294 | D:4      | Reached XP level 6. HP: 35/43 MP: 10/10
  3331 | D:4      | Found a snail-covered altar of Cheibriados.
  3833 | D:5      | Entered Level 5 of the Dungeon
  3850 | D:5      | Found a glowing drain.
  3860 | Sewer    | Entered a sewer
  3963 | Sewer    | Noticed Pargi
  3968 | Sewer    | Killed Pargi
  3969 | Sewer    | Reached skill level 4 in Fire Magic
  4372 | D:5      | Gained mutation: You have sharp fingernails. [demonic
                  | ancestry]
  4372 | D:5      | Reached XP level 7. HP: 49/49 MP: 2/12
  4592 | D:5      | Identified the +1 leather armour of Zilyly {rF- Regen+
                  | Int+2}
  4676 | D:5      | Found a staircase to the Ecumenical Temple.
  4682 | Temple   | Entered the Ecumenical Temple
  4773 | Temple   | Became a worshipper of Vehumet
  5526 | D:5      | Reached skill level 5 in Fire Magic
  5556 | D:5      | Gained mutation: You are partially covered in sharp spines.
                  | [demonic ancestry]
  5556 | D:5      | Reached XP level 8. HP: 32/57 MP: 7/14
  5976 | D:6      | Reached skill level 5 in Spellcasting
  6088 | D:6      | Got the Reference Book on Lofty Stones
  6152 | D:6      | Found a basalt altar of Yredelemnul.
  6280 | D:6      | Learned a level 4 spell: Flame Wave
  6288 | D:7      | Reached * piety under Vehumet
  6288 | D:7      | Offered knowledge of Magic Dart by Vehumet.
  6305 | D:7      | Reached skill level 6 in Fire Magic
  6530 | D:7      | Found a sparkling altar of Nemelex Xobeh.
  6598 | D:7      | Found a runed translucent gate.
  6598 | D:7      | Found a runed translucent gate.
  6606 | D:7      | Found a runed translucent gate.
  6646 | D:7      | Noticed kougar's ghost (novice MiFi)
  6983 | D:7      | Gained mutation: You are mostly covered in razor-sharp
                  | scales. (AC +2, Slay +2) [demonic ancestry]
  6983 | D:7      | Reached XP level 9. HP: 57/65 MP: 5/17
  7511 | D:8      | Reached skill level 1 in Armour
  7939 | D:8      | Offered knowledge of Poisonous Vapours by Vehumet.
  7941 | D:8      | Reached ** piety under Vehumet
  7960 | D:8      | Noticed Gastronok
  8253 | D:8      | You fall into a shaft and drop 2 floors!
  8253 | D:10     | Entered Level 10 of the Dungeon
  8273 | D:10     | Reached skill level 7 in Fire Magic
  8409 | D:10     | Noticed a troll
  8417 | D:10     | Killed a troll
  8418 | D:10     | Noticed a two-headed ogre
  8429 | D:10     | Killed a two-headed ogre
  8430 | D:10     | Reached skill level 5 in Fighting
  8430 | D:10     | Reached XP level 10. HP: 39/74 MP: 7/20
  8449 | D:10     | Noticed a two-headed ogre
  9174 | D:8      | Killed Gastronok
  9175 | D:8      | Reached skill level 5 in Dodging
  9175 | D:8      | Reached skill level 1 in Shields
  9175 | D:8      | Reached skill level 1 in Evocations
  9456 | D:9      | Reached skill level 8 in Fire Magic
  9456 | D:9      | Offered knowledge of Ignite Poison by Vehumet.
  9466 | D:9      | Learned a level 3 spell: Ignite Poison
  9735 | D:9      | Reached skill level 1 in Poison Magic
  9837 | D:9      | Reached *** piety under Vehumet
 10042 | D:9      | Found a runed translucent gate.
 10042 | D:9      | Found a runed translucent gate.
 10043 | D:9      | Found a runed translucent gate.
 10043 | D:9      | Noticed cdice's ghost (journeyman OgRe)
 10043 | D:9      | Noticed a spectral centaur warrior
 10044 | D:9      | Noticed a spectral centaur warrior
 10082 | D:9      | Found a sacrificial altar of Ru.
 10251 | D:10     | Offered knowledge of Hailstorm by Vehumet.
 10301 | D:10     | Reached skill level 5 in Conjurations
 10443 | D:10     | Found a stormy altar of Qazlal.
 10536 | D:10     | Killed a two-headed ogre
 10537 | D:10     | Gained mutation: You have very sharp fingernails. [demonic
                  | ancestry]
 10537 | D:10     | Reached XP level 11. HP: 80/80 MP: 13/22
 10599 | D:10     | Found a hide-covered altar of Uskayaw.
 10901 | D:10     | Found an ornate altar of the Wu Jian Council.
 11089 | D:11     | Reached skill level 1 in Transmutations
 11321 | D:11     | Found a staircase to the Orcish Mines.
 11377 | D:11     | Reached skill level 5 in Short Blades
 11461 | D:11     | Reached **** piety under Vehumet
 11471 | D:11     | Noticed Harold
 11480 | D:11     | Killed Harold
 11505 | D:11     | Offered knowledge of Arcjolt by Vehumet.
 11645 | D:11     | Found a staircase to the Lair.
 12314 | D:3      | Bought a Young Poisoner's Handbook for 240 gold pieces
 12317 | D:3      | Learned a level 2 spell: Poisonous Vapours
 12323 | D:3      | Learned a level 4 spell: Olgreb's Toxic Radiance
 12354 | D:3      | Learned a level 5 spell: Arcjolt
 12365 | D:3      | Killed orbeus's ghost
 12576 | D:7      | Killed kougar's ghost
 12735 | D:9      | Reached skill level 9 in Fire Magic
 12745 | D:9      | Killed from afar by cdice's ghost

Illustrated notes

Levels and vault maps discovered:
D:1:      saegor_arrival_simple_c, layout_rooms, minmay_tetromino_s2
D:2:      layout_rooms
D:3:      layout_loops_ring, serial_shops, shop, gammafunk_ghost_nasty_kobolds,
          chequers_serial_rivers_room_a, supply_closet_lemuel, moated_statue,
          minivault_11, eino_tiny_chamber, nrook_campfire,
          kennysheep_big_empty_room, chequers_hall_statues_corner_a,
          dk_noncrumbling_3, st_stairs_10, grunt_decor_cap, minivault_5,
          uniq_natasha
D:4:      layout_basic, lemuel_crystal_altar, minmay_increasing_density
D:5:      layout_loops_cross, minmay_temple_entry_wispy, portal_sewer_entry_d
D:6:      layout_rooms, yredelemnul_altar_generic
D:7:      layout_loops_cross, old_standard_altar, ebering_ghost_rock_garden
D:8:      layout_basic, st_stairs_12, uniq_gastronok
D:9:      layout_loops_ring, nicolae_ru_the_path_less_chosen,
          mainiacjoe_overflow_paths, gammafunk_ghost_necromancy
D:10:     layout_rooms, pdpol_wu_jian_five_deadly_venoms,
          overflow_temple_1_default, nicolae_uskayaw_murder_on_the_dancefloor
D:11:     kennysheep_spiral_hall, layout_basic, erik_lair_dragon,
          ebering_dispersal_statue_hall, lemuel_nasty_fountain, uniq_harold
D:12:     layout_cave_pods, nicolae_concentric_dashed_squares_wild
Temple:   zaba_magenta_temple

Skill      XL: |  1  2  3  4  5  6  7  8  9 10 11 |
---------------+----------------------------------+-----
Dodging        | 2 3 4 5 6 |  6.0
Stealth        | 2 3 |  3.7
Fire Magic     | 3 4 5 6 7 8 9 |  9.0
Fighting       | 1 2 3 5 6 |  6.1
Spellcasting   | 3 4 5 7 8 |  8.2
Short Blades   | 1 2 3 4 5 |  5.4
Conjurations   | 2 3 4 5 6 |  6.0
Armour         | 1 2 |  2.5
Shields        | 1 2 |  2.8
Evocations     | 2 3 |  3.1
Poison Magic   | 2 3 |  3.5
Transmutations | 2 |  2.1

Action                     |  1- 3 |  4- 6 |  7- 9 | 10-12 || total
---------------------------+-------+-------+-------+-------++-------
  Melee: Whip              |    18 |       |       |       ||    18
         Unarmed           |     1 |       |       |       ||     1
         Short sword       |     4 |    33 |    50 |    96 ||   183
         Punch             |       |     1 |     1 |     1 ||     3
   Cast: Foxfire           |    79 |    83 |   110 |   140 ||   412
         Scorch            |     1 |    14 |    57 |    83 ||   155
         Flame Wave        |       |       |     9 |    14 ||    23
         Olgreb's Toxic Ra |       |       |       |     3 ||     3
         Arcjolt           |       |       |       |     2 ||     2
    Use: Scroll            |       |     8 |     5 |       ||    13
         Potion            |       |       |     2 |     1 ||     3
   Stab: Sleeping          |       |     2 |     1 |     3 ||     6
 Armour: Robe              |    10 |     6 |    26 |       ||    42
         Leather armour    |       |       |    17 |     9 ||    26
         Troll leather arm |       |       |       |    40 ||    40
  Dodge: Dodged            |    25 |    16 |    98 |   152 ||   291
  Block: Other             |       |     8 |    29 |    49 ||    86
         Reflection        |       |       |     1 |     1 ||     2

Table legend: (Time is in decaauts)
 A = Elapsed time spent in this place.
 B = Non-inter-level travel time spent in this place.
 C = Inter-level travel time spent in this place.
 D = Time resting spent in this place.
 E = Time spent auto-exploring this place.
 F = Levels seen in this place.
 G = Mean time per level.
                   A        B        C        D        E       F      G
               +--------+--------+--------+--------+--------+-----+--------+
         Total |  12905 |  12171 |    734 |      2 |  10031 |  14 |  921.8 |
       Dungeon |  12203 |  11469 |    734 |      2 |   9467 |  12 | 1016.9 |
        Temple |    276 |    276 |      0 |      0 |    215 |   1 |  276.0 |
         Sewer |    426 |    426 |      0 |      0 |    349 |   1 |  426.0 |
               +--------+--------+--------+--------+--------+-----+--------+

Top non-repeatable levels by time:
     D:3: 1530 daAuts
     D:7: 1524 daAuts
     D:8: 1358 daAuts
     D:9: 1247 daAuts
     D:5: 1098 daAuts
    D:11: 1033 daAuts
    D:10: 1001 daAuts
     D:4: 987 daAuts
     D:1: 845 daAuts
     D:6: 792 daAuts
     D:2: 669 daAuts
   Sewer: 426 daAuts
  Temple: 276 daAuts
    D:12: 114 daAuts
